AoeStats
← Cochiloco2000

Nomad

509521979Analyzed
4v4 RM · 7d ago on Sep 27, 2026· 71m 34s· 8 players
Game mode
Random Map
Map size
231×231
Population
200
Speed
Normal
Resources
Standard
Victory
Conquest
Starting age
Dark Age
Ending age
Imperial Age
RankedLock teamsTeams togetherTeam positionsShared explorationLock speedFull tech treeHidden civsTurbo modeCheats
Victory
Defeat
🇧🇷 Wei · Brazil
1312
+11
🇧🇷 Chinese · Brazil
1242
+13
🇧🇷 Persians · Brazil
1145
+17
🇧🇷 Britons · Brazil
1135
+18
🇦🇺 Saxons · Australia
1209
-16
🇺🇸 Vikings · United States
1195
-15
🇲🇽 Huns · Mexico
1171
-14
🇹🇼 Koreans · Taiwan
1159
-14
chipchip520
12:22 Loom
15:12 Feudal Age
16:03 Double-Bit Axe
19:49 Fletching
21:35 Horse Collar
28:09 Castle Age
28:20 Crossbowman
29:15 Bodkin Arrow
29:39 Bow Saw
29:47 Gold Mining
34:46 Scale Mail Armor
36:06 Chain Mail Armor
Cochiloco2000
4:12 Loom
14:38 Feudal Age
15:30 Man-at-Arms
18:05 Bloodlines
19:11 Scale Mail Armor
19:22 Forging
25:11 Castle Age
26:00 Husbandry
25:23 Pikeman
26:04 Squires
25:27 Long Swordsman
25:53 Arson
26:02 Fletching
30:13 Wheelbarrow
47:36 Double-Bit Axe
52:36 Imperial Age
52:44 Imperial Age
52:15 Hand Cart
53:50 Chain Mail Armor
55:19 Scale Barding Armor
58:02 Chain Barding Armor
58:20 Iron Casting
60:26 Halberdier
62:18 Blast Furnace
64:19 Elite Tarkan
AxingQuestions
5:38 Loom
14:27 Feudal Age
16:23 Double-Bit Axe
20:47 Castle Age
21:47 Bow Saw
22:37 Gold Mining
23:49 Fletching
24:25 Bodkin Arrow
25:31 Town Watch
25:47 Fishing Lines
27:54 Gillnets
30:28 Horse Collar
31:27 Fortified Wall
31:29 Masonry
35:22 Imperial Age
33:04 Treadmill Crane
33:47 Ballistics
36:49 Conscription
36:18 Elite Berserk
37:11 Heavy Plow
38:24 Forging
38:15 Scale Mail Armor
38:18 Murder Holes
38:36 Capped Ram
45:09 Hoardings
44:52 Squires
45:41 Pikeman
48:04 Iron Casting
47:45 Chain Mail Armor
48:53 Architecture
49:29 Onager
55:09 Plate Mail Armor
55:40 Blast Furnace
57:00 Siege Ram
Vanilla Gorilla
4:22 Loom
12:52 Feudal Age
17:47 Castle Age
15:55 Double-Bit Axe
18:45 Bow Saw
21:09 Wheelbarrow
20:31 Fishing Lines
21:06 Stone Mining
21:30 Scale Mail Armor
24:16 Horse Collar
26:13 Hand Cart
26:36 Chain Mail Armor
27:31 Gold Mining
32:43 Squires
32:54 Forging
37:21 Fletching
41:02 Imperial Age
42:24 Plate Mail Armor
42:32 Conscription
41:33 Shield Wall
43:22 Two-Man Saw
42:16 Elite Hearth Troop
44:47 Bodkin Arrow
45:30 Iron Casting
47:34 Bracer
47:19 Treadmill Crane
47:36 Murder Holes
48:02 Ballistics
47:52 Masonry
47:48 Siege Engineers
47:17 Pikeman
47:58 Squires
47:49 Arson
48:33 Halberdier
58:45 Heavy Plow
DKT | PLuS
3:11 Loom
14:41 Feudal Age
15:41 Double-Bit Axe
17:15 Fletching
25:00 Castle Age
24:38 Stone Mining
38:12 Demolition Ship
41:45 Horse Collar
42:10 Crossbowman
48:43 Imperial Age
51:21 Chemistry
49:46 Man-at-Arms
50:28 Squires
56:45 Conscription
57:13 Long Swordsman
60:24 Gold Mining
62:31 Scale Mail Armor
63:32 Ballistics
64:04 Murder Holes
65:43 Bodkin Arrow
67:43 Forging
DKT | BRESSAN
4:50 Loom
15:27 Feudal Age
19:23 Wheelbarrow
18:58 Double-Bit Axe
22:17 Castle Age
20:52 Fletching
21:03 Padded Archer Armor
21:22 Horse Collar
23:54 Hand Cart
26:38 Heavy Plow
28:09 Crossbowman
30:03 Hand Cart
30:20 Gold Mining
30:45 Bodkin Arrow
34:17 Leather Archer Armor
35:32 Town Watch
40:55 Town Patrol
44:25 Imperial Age
43:24 Yeomen
45:09 Bracer
45:40 Ring Archer Armor
44:36 Arbalester
47:06 Ballistics
47:47 Chemistry
48:01 Murder Holes
51:36 Gold Shaft Mining
56:02 Scale Mail Armor
chael
3:54 Loom
14:36 Feudal Age
18:27 Castle Age
24:40 Double-Bit Axe
27:01 Bow Saw
28:12 Wheelbarrow
27:57 Horse Collar
28:11 Gold Mining
29:48 Scale Barding Armor
30:26 Heavy Plow
30:19 Stone Mining
31:08 Chain Barding Armor
31:23 Forging
33:28 Bloodlines
33:19 Husbandry
34:31 Iron Casting
34:05 Tuntian
35:20 Gold Shaft Mining
38:15 Imperial Age
36:13 Hand Cart
35:45 Town Watch
38:38 Elite Tiger Cavalry
40:26 Blast Furnace
40:41 Ming Guang Armor
40:40 Conscription
44:36 Hoardings
43:59 Capped Ram
45:43 Siege Ram
46:35 Light Cavalry
50:42 Masonry
Feioso
9:54 Loom
13:57 Feudal Age
18:51 Castle Age
22:32 Pikeman
30:10 Wheelbarrow
41:38 Hand Cart
42:33 Town Watch
44:50 Bloodlines
44:42 Husbandry
44:40 Gold Mining
45:28 Forging
46:30 Scale Mail Armor
47:07 Iron Casting
49:51 Chain Mail Armor
51:21 Stone Mining
51:53 Double-Bit Axe
56:36 Bow Saw
62:14 Squires
72:01 Imperial Age
Connection lost

Rejoining the realm…

Still unreachable

The connection could not be restored.

Session expired

The server has moved on; the page needs a fresh start.